[Event "Early-Titled-Tuesday-Blitz-May-07-2024"]
[Site "Chess.com"]
[Date "2024.05.07"]
[Round "9"]
[White "DarZay"]
[Black "MasterKroket"]
[Result "0-1"]
[WhiteElo "2344"]
[BlackElo "2514"]
[TimeControl "180+1"]
[EndTime "9:49:26 PDT"]
[Termination "MasterKroket won by resignation"]

1. e4 e5 2. Nf3 Nc6 3. Bc4 Bc5 4. d3 Nf6 5. c3 a6 6. Bb3 h6 7. Nbd2 O-O 8. O-O d5 9. Qe2 Re8 10. Rd1 d4 11. Nf1 Be6 12. Bc2 Qd7 13. Ng3 Rad8 14. Nh4 Bg4 15. f3 dxc3+ 16. Kh1 Nd4 17.
Qf2 Nb3 18. Be3 Bxe3 19. Qxe3 Nxa1 20. Rxa1 cxb2 21. Rb1 Be6 22. Rxb2 Qd4 23. Qxd4 Rxd4 24. Rxb7 g6 25. a4 c5 26. Ne2 Rd7 27. Rb6 c4 28.
dxc4 Rd2 0-1

[Event "Early-Titled-Tuesday-Blitz-May-07-2024"]
[Site "Chess.com"]
[Date "2024.05.07"]
[Round "9"]
[White "RebelJohnny"]
[Black "IlanSchnaider"]
[Result "0-1"]
[WhiteElo "2580"]
[BlackElo "2730"]
[TimeControl "180+1"]
[EndTime "9:49:28 PDT"]
[Termination "IlanSchnaider won by resignation"]

1. e4 c5 2. Nf3 d6 3. d4 cxd4 4. Nxd4 Nf6 5. Nc3 a6 6. Bg5 e6 7.
f4 Be7 8. Qf3 Qc7 9. O-O-O Nbd7 10. g4 h6 11. Bxf6 Bxf6 12. Kb1 b5 13. e5 Bb7 14.
Ncxb5 axb5 15. Nxb5 Qxc2+ 16. Kxc2 Bxf3 17. Nxd6+ Ke7 18. exf6+ Nxf6 0-1

[Event "Early-Titled-Tuesday-Blitz-May-07-2024"]
[Site "Chess.com"]
[Date "2024.05.07"]
[Round "9"]
[White "juancruzarias"]
[Black "MVM2008"]
[Result "0-1"]
[WhiteElo "2712"]
[BlackElo "2584"]
[TimeControl "180+1"]
[EndTime "9:49:37 PDT"]
[Termination "MVM2008 won by resignation"]

1. d4 Nf6 2. c4 e6 3. g3 c5 4. d5 b5 5. Bg2 Bb7 6. Nc3 b4 7. Ne4 d6 8. Qd3 Nbd7 9. dxe6 Ne5 10. Nxf6+ Qxf6 11. exf7+ Qxf7 0-1

[Event "Early-Titled-Tuesday-Blitz-May-07-2024"]
[Site "Chess.com"]
[Date "2024.05.07"]
[Round "9"]
[White "IriBu"]
[Black "SaiHanThiha"]
[Result "1-0"]
[WhiteElo "2585"]
[BlackElo "2458"]
[TimeControl "180+1"]
[EndTime "9:49:37 PDT"]
[Termination "IriBu won by checkmate"]

1. d4 Nf6 2. Nf3 e6 3. e3 b6 4. Bd3 Bb7 5. Nbd2 c5 6. c3 d5 7.
Ne5 Nfd7 8. Ndf3 Nc6 9. Bb5 Qc7 10. Nxd7 Kxd7 11. Ne5+ Ke7 12. Nxc6+ Bxc6 13. Bxc6 Qxc6 14. O-O f6 15. Re1 Kf7 16. Qf3 f5 17. Bd2 Be7 18. g4 g6 19. gxf5 exf5 20. c4 Rhd8 21. dxc5 Qxc5 22. Rac1 dxc4 23. Bc3 Rd3 24. Qxa8 f4 25. exf4 Bh4 26. Qe8# 1-0

[Event "Early-Titled-Tuesday-Blitz-May-07-2024"]
[Site "Chess.com"]
[Date "2024.05.07"]
[Round "9"]
[White "GMT4114"]
[Black "stratacticos"]
[Result "1-0"]
[WhiteElo "1992"]
[BlackElo "1854"]
[TimeControl "180+1"]
[EndTime "9:49:40 PDT"]
[Termination "GMT4114 won by resignation"]

1. e4 c5 2. Nc3 Nc6 3. Bb5 Na5 4.
Nf3 a6 5. Be2 b5 6. d4 cxd4 7.
Nxd4 Bb7 8. Bg5 h6 9. Bh4 g5 10. Bg3 Bg7 11. Nf5 Bxc3+ 12. bxc3 Bxe4 13. Qd4 Bxf5 14. Qxh8 Kf8 15. h4 g4 16. f3 gxf3 17. Bxf3 Rc8 18.
Bf4 Qb6 19. O-O-O Nc4 20. g4 Be6 21. Bxh6+ 1-0

[Event "Early-Titled-Tuesday-Blitz-May-07-2024"]
[Site "Chess.com"]
[Date "2024.05.07"]
[Round "9"]
[White "campochess"]
[Black "jinxy2009"]
[Result "0-1"]
[WhiteElo "2153"]
[BlackElo "2272"]
[TimeControl "180+1"]
[EndTime "9:49:43 PDT"]
[Termination "jinxy2009 won by resignation"]

1. d4 Nf6 2. Bg5 d5 3. Nd2 c5 4. e3 Nc6 5. c3 Bf5 6. Bb5 e6 7. Ngf3 Rc8 8. Ne5 Be7 9. O-O O-O 10. Bxc6 bxc6 11. f3 cxd4 12. exd4 c5 13. Kh1 h6 14. Bxf6 Bxf6 15. Re1 cxd4 16. cxd4 Qd6 17. Nb3 Bxe5 18. Rxe5 Rc4 19. Qe1 Rfc8 20. h3 Bg6 21. Qe3 Rc2 22.
Nc5 Rxb2 23. Qa3 Qb6 24. Nd7 Qxd4 25. Rae1 Qf2 26. Rg1 Rc1 27. Ree1 Rxe1 0-1

[Event "Early-Titled-Tuesday-Blitz-May-07-2024"]
[Site "Chess.com"]
[Date "2024.05.07"]
[Round "9"]
[White "cthulhuuu"]
[Black "littlepinkyboy"]
[Result "1-0"]
[WhiteElo "2535"]
[BlackElo "2645"]
[TimeControl "180+1"]
[EndTime "9:49:44 PDT"]
[Termination "cthulhuuu won on time"]

1. e4 c5 2. Nf3 e6 3. d3 d5 4. Nbd2 Nc6 5. g3 Nf6 6. Bg2 Be7 7. O-O O-O 8. e5 Nd7 9. Re1 Qc7 10. Qe2 b5 11. h4 Bb7 12. Nf1 d4 13. N1h2 Rae8 14.
Bf4 Qc8 15. Ng5 h6 16. Qh5 Ncxe5 17. Bxe5 Nxe5 18. Rxe5 Bxg2 19. Kxg2 hxg5 20. hxg5 Qc6+ 21. Nf3 Bd6 22. Rh1 f5 23. g6 1-0

[Event "Early-Titled-Tuesday-Blitz-May-07-2024"]
[Site "Chess.com"]
[Date "2024.05.07"]
[Round "9"]
[White "Kacparov"]
[Black "Msb2"]
[Result "1/2-1/2"]
[WhiteElo "2922"]
[BlackElo "3035"]
[TimeControl "180+1"]
[EndTime "9:49:50 PDT"]
[Termination "Game drawn by repetition"]

1. e4 e6 2. d4 d5 3. Nd2 c5 4.
exd5 Qxd5 5. dxc5 Nf6 6. Ngf3 Qxc5 7. Bd3 Nbd7 8. O-O Qc7 9. Qe2 Nc5 10. Bc4 Bd6 11. b3 a6 12. a4 O-O 13. Bb2 b6 14.
Rfe1 Bb7 15. Ne5 Nfe4 16. Ndf3 h6 17. Rad1 Nf6 18. Qe3 Nce4 19. Bd4 b5 20. axb5 axb5 21. Bxb5 Qxc2 22. Rc1 Qa2 23. Ra1 Qc2 24. Rac1 Qa2 25.
Ra1 Qc2 26. Rac1 1/2-1/2

[Event "Early-Titled-Tuesday-Blitz-May-07-2024"]
[Site "Chess.com"]
[Date "2024.05.07"]
[Round "9"]
[White "ChessSwole"]
[Black "Goffredo_Fofi"]
[Result "1-0"]
[WhiteElo "2638"]
[BlackElo "2516"]
[TimeControl "180+1"]
[EndTime "9:49:50 PDT"]
[Termination "ChessSwole won by resignation"]

1. d4 g6 2. e4 Bg7 3. Nc3 c6 4.
h3 d5 5. Nf3 dxe4 6. Nxe4 Nf6 7.
Nxf6+ exf6 8. Bc4 O-O 9. O-O a5 10. a4 Na6 11. c3 Nc7 12. Re1 Nd5 13. Qb3 Qd6 14. Bd2 Be6 15. Re2 Rfb8 16. Qc2 Ne3 17. Rxe3 Bxc4 18. Rae1 b5 19. Bc1 Be6 20. Nd2 f5 21.
Nf3 Bd5 22. Ne5 f6 23. Nd3 f4 24. Nxf4 bxa4 25. Nxd5 Qxd5 26. Qxa4 Bh6 27. R3e2 Bxc1 28.
Rxc1 Qb5 29. Qa2+ Qb3 30. Re8+ 1-0

[Event "Early-Titled-Tuesday-Blitz-May-07-2024"]
[Site "Chess.com"]
[Date "2024.05.07"]
[Round "9"]
[White "SRob2003"]
[Black "FaustinoOro"]
[Result "1-0"]
[WhiteElo "2666"]
[BlackElo "2857"]
[TimeControl "180+1"]
[EndTime "9:50:02 PDT"]
[Termination "SRob2003 won by resignation"]

1. e4 e5 2. Nf3 Nc6 3. Bb5 a6 4. Ba4 Nf6 5. Nc3 b5 6. Bb3 Bc5 7. d3 h6 8. Nd5 Rb8 9. c3 d6 10. d4 Ba7 11. O-O O-O 12. h3 exd4 13. cxd4 Nxe4 14.
Qc2 Nxd4 15. Nxd4 Bxd4 16. Qxe4 Be5 17. f4 Bf6 18. Bc2 g6 19. f5 g5 20. Nxf6+ Qxf6 21. Bd2 Bb7 22. Qd3 Rfe8 23. Bc3 Qd8 24. Rae1 1-0

[Event "Early-Titled-Tuesday-Blitz-May-07-2024"]
[Site "Chess.com"]
[Date "2024.05.07"]
[Round "9"]
[White "aanshnerurkar"]
[Black "VD_coach"]
[Result "0-1"]
[WhiteElo "2470"]
[BlackElo "2591"]
[TimeControl "180+1"]
[EndTime "9:50:07 PDT"]
[Termination "VD_coach won by resignation"]

1. e4 c5 2. Nf3 d6 3. d4 cxd4 4. Nxd4 Nf6 5. Nc3 g6 6. g3 Bg7 7. Bg2 O-O 8. O-O Nc6 9. h3 Bd7 10.
Be3 Rc8 11. Nce2 Ne5 12. b3 b5 13. Kh2 a6 14. f4 Neg4+ 15. hxg4 Nxg4+ 16. Kg1 Nxe3 17. Qd2 Nxf1 18. Rxf1 Bg4 19. c3 Bxe2 20. Nxe2 Qb6+ 21. Kh2 Rc7 22. Rf3 Rfc8 23. g4 a5 24. Rh3 b4 25. c4 Rc5 26. Qe1 a4 27. Qh4 h5 28. Bf3 axb3 29. axb3 Ra5 30. gxh5 g5 31. fxg5 Ra2 32. g6 Rf8 33. Kg2 Qe3 34. Rg3 Rxe2+ 35.
Bxe2 Qxe2+ 36. Kh3 fxg6 37. hxg6 Qf1+ 38. Kg4 Rf4+ 39.
Kg5 Bf6+ 0-1

[Event "Early-Titled-Tuesday-Blitz-May-07-2024"]
[Site "Chess.com"]
[Date "2024.05.07"]
[Round "9"]
[White "IM_ArthurDW08"]
[Black "Thjop"]
[Result "0-1"]
[WhiteElo "2721"]
[BlackElo "2618"]
[TimeControl "180+1"]
[EndTime "9:50:13 PDT"]
[Termination "Thjop won by resignation"]

1. e4 e6 2. d4 d5 3. Nc3 Bb4 4. e5 c5 5. a3 Bxc3+ 6. bxc3 Qa5 7.
Bd2 Qa4 8. h4 Ne7 9. Rb1 c4 10.
Qc1 Nbc6 11. Nf3 h6 12. h5 b6 13. Be2 Bd7 14. O-O O-O-O 15. Bd1 Rdg8 16. Nh4 Kb7 17. f4 g6 18. hxg6 fxg6 19. Be3 Nf5 20. Nxf5 gxf5 21. Bf3 h5 22. Kf2 Be8 23. Rh1 h4 24. Rh3 Bh5 25. Rxh4 Bxf3 26. Rxh8 Rxh8 27. Kxf3 Rh7 28. Rb2 Kc7 29. Ra2 Ne7 30. Qe1 Qe8 31. Qg3 Qh5+ 32.
Kf2 Qd1 0-1

[Event "Early-Titled-Tuesday-Blitz-May-07-2024"]
[Site "Chess.com"]
[Date "2024.05.07"]
[Round "9"]
[White "Aminazinas"]
[Black "LileKoridze"]
[Result "1-0"]
[WhiteElo "2624"]
[BlackElo "2380"]
[TimeControl "180+1"]
[EndTime "9:50:13 PDT"]
[Termination "Aminazinas won by resignation"]

1. e4 c5 2. Nc3 d6 3. f4 a6 4. a4 Nc6 5. Nf3 e6 6. Bc4 Nf6 7. d3 Be7 8. O-O O-O 9. Qe1 d5 10.
Bb3 dxe4 11. dxe4 b6 12. Be3 Bb7 13. Rd1 Qc7 14. h3 Rfd8 15. f5 Nd4 16. fxe6 Nxe6 17.
Nd5 Nxd5 18. exd5 Nf8 19. Bf4 Qxf4 20. Qxe7 Rd7 21. Qe5 Qh6 22. d6 Bxf3 23. Rxf3 Rad8 24. Rdf1 Qxd6 25. Qxd6 Rxd6 26. Rxf7 Ne6 27. Re7 1-0

[Event "Early-Titled-Tuesday-Blitz-May-07-2024"]
[Site "Chess.com"]
[Date "2024.05.07"]
[Round "9"]
[White "jcibarra"]
[Black "DeArron_Fox"]
[Result "1-0"]
[WhiteElo "2926"]
[BlackElo "2543"]
[TimeControl "180+1"]
[EndTime "9:50:15 PDT"]
[Termination "jcibarra won on time"]

1. e4 c5 2. Nf3 e6 3. d3 d5 4. Qe2 Nf6 5. g3 Nc6 6. Bg2 Be7 7. O-O O-O 8. e5 Nd7 9. c4 Re8 10. h4 a6 11. Nc3 Nf8 12. h5 h6 13. Bf4 b5 14.
cxb5 axb5 15. Nxb5 Ba6 16. Nc3 Qb6 17. Rac1 c4 18.
d4 Nxd4 19. Nxd4 Qxd4 20. Rfd1 Qb6 21. Qg4 Kh8 22. Rd2 Rab8 23. Be3 Bc5 24. Na4 Bd4 25. Nxb6 1-0

[Event "Early-Titled-Tuesday-Blitz-May-07-2024"]
[Site "Chess.com"]
[Date "2024.05.07"]
[Round "9"]
[White "highlama"]
[Black "JiiHart"]
[Result "1-0"]
[WhiteElo "2400"]
[BlackElo "2179"]
[TimeControl "180+1"]
[EndTime "9:50:16 PDT"]
[Termination "highlama won by checkmate"]

1. c4 c5 2. Nf3 Nf6 3. g3 g6 4. Bg2 Bg7 5. O-O O-O 6. Nc3 Nc6 7. d4 d5 8. dxc5 dxc4 9. Qa4 Qa5 10. Qxc4 Be6 11.
Qb5 Qxb5 12. Nxb5 Ne4 13. Nc7 Rac8 14. Nxe6 fxe6 15. Bh3 Nxc5 16. Be3 Nd8 17. Rac1 b6 18.
b4 Bb2 19. Rc2 Ba3 20. bxc5 bxc5 21. Rb1 c4 22. Nd2 c3 23. Ne4 Bb2 24. Bc1 Rc4 25. f3 Bxc1 26. Rbxc1 Kg7 27. Rxc3 Rxc3 28. Rxc3 Nb7 29.
Rc7 Na5 30. Rxe7+ Kg8 31. Bxe6+ Kh8 32. Ng5 Nc6 33. Rxh7# 1-0

[Event "Early-Titled-Tuesday-Blitz-May-07-2024"]
[Site "Chess.com"]
[Date "2024.05.07"]
[Round "9"]
[White "Alphafischer2019"]
[Black "JJDAREK"]
[Result "1-0"]
[WhiteElo "2662"]
[BlackElo "2402"]
[TimeControl "180+1"]
[EndTime "9:50:19 PDT"]
[Termination "Alphafischer2019 won by resignation"]

1. Nf3 g6 2. c4 Bg7 3. Nc3 d6 4.
g3 Nf6 5. Bg2 O-O 6. O-O c6 7.
d4 Bf5 8. Nh4 Be6 9. d5 cxd5 10.
cxd5 Bd7 11. e4 a5 12. Nf3 Na6 13. Nd4 Nc5 14. Re1 Qb8 15. Bf4 Nh5 16. Be3 b5 17. Nc6 Bxc6 18. dxc6 Bxc3 19. bxc3 Qc7 20. e5 Na4 21. exd6 exd6 22. Qd4 Ng7 23. g4 Ne6 24.
Qd2 Rfd8 25. Rad1 Nb6 26. Bh6 Nc4 27. Qd5 Rab8 28. Rxe6 fxe6 29. Qxe6+ Qf7 30. Bd5 Qxe6 31. Bxe6+ Kh8 32. c7 Re8 33. cxb8=Q Rxb8 34. Bxc4 bxc4 35. Rxd6 1-0

[Event "Early-Titled-Tuesday-Blitz-May-07-2024"]
[Site "Chess.com"]
[Date "2024.05.07"]
[Round "9"]
[White "MateusViageiro"]
[Black "Arteler"]
[Result "1-0"]
[WhiteElo "2243"]
[BlackElo "2305"]
[TimeControl "180+1"]
[EndTime "9:50:19 PDT"]
[Termination "MateusViageiro won by resignation"]

1. e4 e5 2. Nf3 d6 3. d4 exd4 4.
Qxd4 Nf6 5. Nc3 Be7 6. Bg5 O-O 7. O-O-O h6 8. Be3 Nc6 9. Qd2 Be6 10. Kb1 Ng4 11. Bf4 Nge5 12. Be2 a6 13. h3 b5 14.
a3 Rb8 15. Nd5 Nxf3 16. gxf3 Ne5 17. Rdg1 Ng6 18. Be3 Bxd5 19. exd5 Bh4 20. f4 Qf6 21. Bd3 Kh8 22. Rg4 b4 23. axb4 a5 24. b5 Qe7 25.
Rhg1 Bf6 26. h4 Bxh4 27. Rh1 Kh7 28. f5 Ne5 29. f6+ Nxd3 30. Qxd3+ g6 31. fxe7 Rfe8 32. Rhxh4 Rxe7 1-0

[Event "Early-Titled-Tuesday-Blitz-May-07-2024"]
[Site "Chess.com"]
[Date "2024.05.07"]
[Round "9"]
[White "PenguinPacks"]
[Black "IwkooO"]
[Result "0-1"]
[WhiteElo "2492"]
[BlackElo "2707"]
[TimeControl "180+1"]
[EndTime "9:50:21 PDT"]
[Termination "IwkooO won by resignation"]

1. e4 e6 2. d4 d5 3. e5 c5 4. c3 Nc6 5. Nf3 Bd7 6. Be2 Nge7 7. Na3 cxd4 8. cxd4 Nf5 9. Nc2 Rc8 10. O-O Qb6 11.
h4 h5 12. a3 Na5 13. b4 Nb3 14. Rb1 Nxc1 15. Rxc1 Be7 16. Ne3 Rxc1 17. Qxc1 Nxh4 18. Nxh4 Bxh4 19. Qd2 O-O 20. g3 Be7 21. Bxh5 Rc8 22. Kg2 Qc7 23. Rh1 Qc3 24. Qe2 Qxd4 25. Qf3 g6 26. Ng4 Qe4 27. Nh6+ Kg7 28. Qxe4 dxe4 29. Be2 e3 30. fxe3 Bc6+ 0-1

[Event "Early-Titled-Tuesday-Blitz-May-07-2024"]
[Site "Chess.com"]
[Date "2024.05.07"]
[Round "9"]
[White "Shuvalov"]
[Black "H3nriqueTV"]
[Result "1-0"]
[WhiteElo "2573"]
[BlackElo "2426"]
[TimeControl "180+1"]
[EndTime "9:50:22 PDT"]
[Termination "Shuvalov won by resignation"]

1. b4 d5 2. Bb2 c6 3. e3 Nf6 4.
h3 h6 5. g4 e5 6. Bxe5 Bxb4 7. Qc1 Bd6 8. Qb2 Bxe5 9. Qxe5+ Be6 10. Nc3 Nbd7 11. Qd6 Qa5 12. Rb1 Nb6 13. Nf3 Rd8 14.
Qc7 O-O 15. Qxb7 Rfe8 16. Nd4 Nc4 17. Bxc4 dxc4 18. Nxc6 Qe5 19. Nxe5 1-0

[Event "Early-Titled-Tuesday-Blitz-May-07-2024"]
[Site "Chess.com"]
[Date "2024.05.07"]
[Round "9"]
[White "Yeritsyaan"]
[Black "Lucky_Puncher"]
[Result "1-0"]
[WhiteElo "2720"]
[BlackElo "2552"]
[TimeControl "180+1"]
[EndTime "9:50:23 PDT"]
[Termination "Yeritsyaan won by resignation"]

1. g3 g6 2. Bg2 Bg7 3. e4 c5 4. d3 b5 5. Ne2 Bb7 6. O-O e6 7. c3 Ne7 8. f4 O-O 9. Be3 d6 10. Nd2 Nd7 11. Nf3 f5 12. Ng5 Qb6 13. Nxe6 Rfe8 14.
Nxg7 Kxg7 15. Qd2 Nf6 16. e5 Ng4 17. d4 Bxg2 18. Kxg2 dxe5 19. fxe5 Nd5 20. Bf4 cxd4 21. Nxd4 Rad8 22. Rae1 Qb7 23. Kg1 Nxf4 24. Qxf4 Qd5 25. e6 Nf6 26. Re5 Qxa2 27. Nxf5+ Kh8 28. Nh6 Nh5 29. Rxh5 1-0

[Event "Early-Titled-Tuesday-Blitz-May-07-2024"]
[Site "Chess.com"]
[Date "2024.05.07"]
[Round "9"]
[White "TrompeterImEther"]
[Black "ReinisUz"]
[Result "0-1"]
[WhiteElo "2588"]
[BlackElo "2461"]
[TimeControl "180+1"]
[EndTime "9:50:30 PDT"]
[Termination "ReinisUz won by resignation"]

1. e4 e5 2. Nf3 Nc6 3. Bb5 g6 4. O-O Bg7 5. c3 a6 6. Ba4 Nge7 7. d4 exd4 8. cxd4 b5 9. Bb3 O-O 10. a4 Bb7 11. Re1 Na5 12. Bc2 d6 13. Nc3 b4 14.
Ne2 c5 15. b3 Rc8 16. Bd2 Qb6 17. dxc5 dxc5 18. Rb1 Nec6 19. Be3 Rfd8 20. Qc1 Nd4 21.
Bxd4 cxd4 22. Qd2 d3 23. Bxd3 Bxe4 24. Nf4 Bxd3 25. Nxd3 Rc3 26. Re3 Qd6 27. Rd1 Bh6 28. Nfe1 Bxe3 29. Qxe3 Nxb3 30. g3 Nc5 31. Nxc5 Rxe3 0-1

[Event "Early-Titled-Tuesday-Blitz-May-07-2024"]
[Site "Chess.com"]
[Date "2024.05.07"]
[Round "9"]
[White "Gryffindorac8"]
[Black "Kostukov_Alex"]
[Result "0-1"]
[WhiteElo "2500"]
[BlackElo "2380"]
[TimeControl "180+1"]
[EndTime "9:50:34 PDT"]
[Termination "Kostukov_Alex won by resignation"]

1. d4 g6 2. e4 c5 3. c3 cxd4 4. cxd4 d5 5. e5 Bg7 6. Nc3 Nc6 7. Nf3 Bg4 8. Be2 Nh6 9. O-O Nf5 10. Be3 O-O 11.
h3 Bxf3 12. Bxf3 e6 13. Bg4 Nxe3 14. fxe3 Qg5 15. Qe2 h5 16. Bf3 f6 17. exf6 Rxf6 18. Rad1 Raf8 19. Qd3 Rxf3 20. Rxf3 Rxf3 21. Re1 Bxd4 22.
Nd1 Qg3 23. Qe2 Be5 0-1

[Event "Early-Titled-Tuesday-Blitz-May-07-2024"]
[Site "Chess.com"]
[Date "2024.05.07"]
[Round "9"]
[White "Kushch_Nikolai"]
[Black "Silvederione"]
[Result "0-1"]
[WhiteElo "2431"]
[BlackElo "2515"]
[TimeControl "180+1"]
[EndTime "9:50:36 PDT"]
[Termination "Silvederione won by resignation"]

1. Nf3 Nf6 2. c4 g6 3. b4 Bg7 4. Bb2 O-O 5. d4 d6 6. e3 b6 7. Be2 Bb7 8. O-O Nbd7 9. Nc3 Ne4 10. Nxe4 Bxe4 11. Nd2 Bb7 12. Qb3 a5 13. bxa5 Rxa5 14. Bc3 Ra7 15. a4 Qa8 16. f3 e5 17. Ra3 Re8 18.
Bd1 Bh6 19. Ba1 exd4 20. Bxd4 c5 21. Bc3 Rxe3 22. Qb2 Ne5 23. Bc2 Rxc3 24. Qxc3 Bxd2 25. Qxd2 Nxc4 26. Qc3 Nxa3 27. Qxa3 Bc6 28. Qd3 d5 29. Rb1 Bxa4 30. Rb4 cxb4 0-1

[Event "Early-Titled-Tuesday-Blitz-May-07-2024"]
[Site "Chess.com"]
[Date "2024.05.07"]
[Round "9"]
[White "FoggyMorning"]
[Black "krzyzan94"]
[Result "1-0"]
[WhiteElo "2639"]
[BlackElo "2786"]
[TimeControl "180+1"]
[EndTime "9:50:43 PDT"]
[Termination "FoggyMorning won by checkmate"]

1. e4 c6 2. d4 d5 3. Nc3 dxe4 4. Nxe4 Nf6 5. Nxf6+ exf6 6. c3 Bd6 7. Bd3 O-O 8.
Qc2 Re8+ 9. Ne2 h5 10. O-O h4 11. Bf4 Na6 12. Qd2 Nc7 13. Rfe1 Nd5 14. Bxd6 Qxd6 15.
c4 Nc7 16. Nc3 Rxe1+ 17. Rxe1 f5 18. d5 cxd5 19. Nb5 Nxb5 20. Re8+ Kh7 21. cxb5 g6 22.
Qg5 Qb4 23. Qf6 Be6 24. Qh8# 1-0

[Event "Early-Titled-Tuesday-Blitz-May-07-2024"]
[Site "Chess.com"]
[Date "2024.05.07"]
[Round "9"]
[White "lefonghua"]
[Black "FREDERICKtheMATE"]
[Result "1/2-1/2"]
[WhiteElo "2578"]
[BlackElo "2692"]
[TimeControl "180+1"]
[EndTime "9:50:43 PDT"]
[Termination "Game drawn by repetition"]

1. d4 Nf6 2. c4 g6 3. Nc3 Bg7 4. e4 d6 5. f4 O-O 6. Nf3 c5 7. d5 e5 8. fxe5 Ng4 9. Bf4 Nxe5 10. Nxe5 Bxe5 11. Bxe5 dxe5 12. Qf3 a6 13. a4 Qd6 14. Bd3 Kg7 15. O-O Nd7 16. a5 Nf6 17. Na4 Bd7 18. Nb6 Rad8 19. Be2 Bg4 20. Qxf6+ Qxf6 21. Rxf6 Bxe2 22. Rf2 Bg4 23. h3 Bd7 24. b4 cxb4 25. Rb1 f5 26. exf5 Bxf5 27. Rxb4 e4 28. c5 Rfe8 29. Re2 h5 30. g4 hxg4 31. hxg4 Bxg4 32. Rexe4 Rxe4 33. Rxe4 Bf3 34. Re3 Rf8 35. Re7+ Rf7 36. Re8 Rf8 37. Re3 g5 38. d6 Bc6 39. d7 Rd8 40. Rd3 Kf6 41. Rd6+ Ke7 42. Nc8+ Kf7 43. Nb6 g4 44. Kf2 Ke7 45. Nc8+ Kf7 46. Nb6 Ke7 47. Nc8+ Kf7 48. Nb6 1/2-1/2

[Event "Early-Titled-Tuesday-Blitz-May-07-2024"]
[Site "Chess.com"]
[Date "2024.05.07"]
[Round "9"]
[White "Kunalm64"]
[Black "secretsuperstar7"]
[Result "1-0"]
[WhiteElo "2616"]
[BlackElo "2470"]
[TimeControl "180+1"]
[EndTime "9:50:45 PDT"]
[Termination "Kunalm64 won by checkmate"]

1. e4 c5 2. Nf3 d6 3. Bb5+ Bd7 4. Bxd7+ Nxd7 5. O-O Ngf6 6. Qe2 g6 7. c3 Bg7 8. d4 O-O 9. e5 Ne8 10. Bf4 dxe5 11.
dxe5 Nc7 12. Nbd2 Ne6 13. Bg3 Qc7 14. a4 Rab8 15. Nc4 b6 16. Rfd1 Rfd8 17. Bh4 Re8 18.
Qe4 a6 19. Bg3 b5 20. axb5 axb5 21. Ne3 Nb6 22. Nd5 Qb7 23. b3 c4 24. bxc4 Nxc4 25.
Qe2 Red8 26. Nb4 Nc5 27. e6 Nxe6 28. Bxb8 Rxb8 29. Nd5 Rd8 30. Qe4 Nc5 31. Nxe7+ Kf8 32. Rxd8# 1-0

[Event "Early-Titled-Tuesday-Blitz-May-07-2024"]
[Site "Chess.com"]
[Date "2024.05.07"]
[Round "9"]
[White "giovannibrandao7"]
[Black "viktorgen2021"]
[Result "0-1"]
[WhiteElo "2322"]
[BlackElo "2505"]
[TimeControl "180+1"]
[EndTime "9:50:45 PDT"]
[Termination "viktorgen2021 won by resignation"]

1. e4 d5 2. exd5 Nf6 3. d4 Bg4 4. Be2 Bxe2 5. Qxe2 Qxd5 6. Nf3 e6 7. O-O Nbd7 8. c4 Qh5 9. Nc3 c6 10. Bf4 Be7 11. Rae1 O-O 12. h3 Rfe8 13. Qe3 Rad8 14. Re2 c5 15. Rd1 cxd4 16. Nxd4 Bc5 17. Qf3 Nb6 18.
Qxh5 Nxh5 19. Be3 Nxc4 20. Nxe6 Rxd1+ 21. Nxd1 Rxe6 22. Rc2 b5 23. Bxc5 Re1+ 24. Kh2 Rxd1 25. b3 Nd2 26. Be3 Nf1+ 27. Kg1 Nxe3+ 0-1

[Event "Early-Titled-Tuesday-Blitz-May-07-2024"]
[Site "Chess.com"]
[Date "2024.05.07"]
[Round "9"]
[White "tetrix83"]
[Black "thesupera12"]
[Result "1-0"]
[WhiteElo "2684"]
[BlackElo "2478"]
[TimeControl "180+1"]
[EndTime "9:50:47 PDT"]
[Termination "tetrix83 won by resignation"]

1. e4 d5 2. exd5 Qxd5 3. Nc3 Qa5 4. d4 Nf6 5. Nf3 Bg4 6. h3 Bxf3 7. Qxf3 c6 8. Bc4 Nbd7 9. O-O e6 10. Re1 O-O-O 11. a3 Nb6 12. Bd3 Rxd4 13. Be3 Rd7 14. b4 Qh5 15. g4 Qh4 16. b5 Nfd5 17. bxc6 bxc6 18. Ba6+ Kc7 19. Ne4 Nxe3 20. Qxe3 h5 21. Rad1 Rxd1 22. Rxd1 e5 23. Ng5 Bd6 24. Rxd6 Kxd6 25.
Nxf7+ Ke6 26. Nxh8 hxg4 27. Ng6 Qh5 28. Nf4+ 1-0

[Event "Early-Titled-Tuesday-Blitz-May-07-2024"]
[Site "Chess.com"]
[Date "2024.05.07"]
[Round "9"]
[White "NastyaHn"]
[Black "manitodeplomo"]
[Result "0-1"]
[WhiteElo "2468"]
[BlackElo "2607"]
[TimeControl "180+1"]
[EndTime "9:50:48 PDT"]
[Termination "manitodeplomo won on time"]

1. Nc3 g6 2. e4 Bg7 3. d4 c5 4.
Be3 Qa5 5. Nf3 Nf6 6. Qd2 Nc6 7. dxc5 O-O 8. h3 b6 9. cxb6 axb6 10. Bc4 b5 11.
Bd5 b4 12. Nd1 Ba6 13. c4 e6 14. Bxc6 dxc6 15. O-O Bxc4 16. Re1 Nxe4 17. Qc2 Bd5 18. Bf4 b3 19. Qd3 Qb5 20. Qxb5 cxb5 21. a3 Rfc8 22. Ne3 Bxb2 23. Rab1 Bc3 24. Red1 b2 25. Nxd5 exd5 26. Rxd5 Rxa3 27. Rdd1 Bf6 28. Be5 Bxe5 29. Nxe5 Nc3 0-1

[Event "Early-Titled-Tuesday-Blitz-May-07-2024"]
[Site "Chess.com"]
[Date "2024.05.07"]
[Round "9"]
[White "SpongeBob_03"]
[Black "ChessBliss09"]
[Result "1/2-1/2"]
[WhiteElo "2250"]
[BlackElo "2214"]
[TimeControl "180+1"]
[EndTime "9:50:51 PDT"]
[Termination "Game drawn - insufficient material"]

1. Nf3 d5 2. c4 c6 3. cxd5 cxd5 4. d4 Nc6 5. e3 Nf6 6. Nc3 e6 7. Bb5 a6 8. Bxc6+ bxc6 9. Ne5 c5 10. Qa4+ Bd7 11.
Nxd7 Qxd7 12. Qxd7+ Nxd7 13. dxc5 Bxc5 14. Ke2 O-O 15.
a3 Rfc8 16. b4 Bxb4 17. Nxd5 Bxa3 18. Bxa3 exd5 19. Rhd1 Nf6 20. Rd2 Rc6 21. Rad1 Rac8 22. Be7 Ne4 23. Rxd5 Nc3+ 24. Kf3 Nxd1 25. Rxd1 a5 26.
Ra1 Ra8 27. Ra4 Re6 28. Bb4 Re5 29. Bc3 Rb5 30. Ke4 Kf8 31. Kd3 Ke7 32. Kc4 Rh5 33. h3 Kd6 34. Bxg7 Rg5 35. Bc3 Rxg2 36. Bxa5 Rc8+ 37. Kd4 Rxf2 38. Bb4+ Kd7 39. Ra7+ Rc7 40. Ra6 Rf3 41. Rd6+ Ke8 42. Rh6 Rb7 43. Bc5 f5 44.
Rf6 Rf7 45. Ra6 Rd7+ 46. Ke5 Rxh3 47. Ra8+ Rd8 48. Ra7 f4 49. Re7+ Kf8 50. Rxh7+ Kg8 51.
Rxh3 fxe3 52. Rxe3 Re8+ 53. Kf4 Rxe3 54. Kxe3 1/2-1/2

[Event "Early-Titled-Tuesday-Blitz-May-07-2024"]
[Site "Chess.com"]
[Date "2024.05.07"]
[Round "9"]
[White "NikFil2013"]
[Black "tusplingher"]
[Result "0-1"]
[WhiteElo "2410"]
[BlackElo "2570"]
[TimeControl "180+1"]
[EndTime "9:50:54 PDT"]
[Termination "tusplingher won by resignation"]

1. d4 Nf6 2. c4 c5 3. d5 b5 4. cxb5 a6 5. bxa6 g6 6. Nc3 Bg7 7. a7 Rxa7 8. e4 d6 9. Nf3 O-O 10. Be2 Ba6 11. O-O Nfd7 12. a4 Bxe2 13. Qxe2 Na6 14.
Ra3 Nb4 15. Nb5 Ra8 16. b3 Qb6 17. Bd2 Rfc8 18. Qc4 Qa5 19. Bc3 Nb6 20. Qe2 Bxc3 21. Nxc3 c4 22. bxc4 Rxc4 23. Nd2 Rcc8 24. Rb1 Nc2 25.
Ra2 Rxc3 26. Nb3 Rxb3 27. Rxb3 Nd4 0-1